AoeStats
← Karl Mustachio Beerson

MegaRandom

505875973Analyzed
1v1 RM · 19d ago on Sep 11, 2026· 27m 0s· 2 players
Game mode
Random Map
Map size
Tiny (2 player)
Population
200
Speed
Normal
Resources
Standard
Victory
Conquest
Starting age
Dark Age
Ending age
Imperial Age
RankedLock teamsTeams togetherTeam positionsShared explorationLock speedFull tech treeHidden civsTurbo modeCheats
Victory
Defeat
🇨🇿 Maya · Czechia
885
+14
🇳🇱 Lithuanians · Netherlands
851
-14
Petah
16:32 Feudal Age
15:00 Loom
17:40 Gold Mining
17:40 Double-Bit Axe
19:35 Padded Archer Armor
19:25 Fletching
20:44 Wheelbarrow
24:35 Forging
24:26 Scale Mail Armor
25:23 Horse Collar
Karl Mustachio Beerson
3:56 Loom
14:17 Feudal Age
14:43 Horse Collar
16:23 Fletching
16:33 Padded Archer Armor
23:55 Fishing Lines
Connection lost

Rejoining the realm…

Still unreachable

The connection could not be restored.

Session expired

The server has moved on; the page needs a fresh start.